 Dungeon Crawl Stone Soup version 0.30-a0-629-gd54f4be4f7 (webtiles) character file.

Game seed: 16876503083803407178

8827 kae the Transmogrifier (level 11, -9/84 HPs)
             Began as a Demonspawn Transmuter on Jan 12, 2023.
             Was an Initiate of Ru.
             Mangled by a two-headed ogre
             ... wielding a +0 giant club
              (28 damage)
             ... on level 10 of the Dungeon.
             The game lasted 00:15:37 (12143 turns).

kae the Transmogrifier (Demonspawn Transmuter)     Turns: 12143, Time: 00:15:38

Health: -9/84      AC:  8    Str: 10    XL:     11   Next: 15%
Magic:  0/21       EV: 10    Int: 18    God:    Ru [......]
Gold:   604        SH:  4    Dex: 15    Spells: 7/23 levels left

rFire   x . .      SeeInvis +      - Unarmed
rCold   + + +      Faith    .    (shield currently unavailable)
rNeg    . . .      Spirit   +    (body armour currently unavailable)
rPois   +          Reflect  .    (helmet currently unavailable)
rElec   .          Harm     .    (cloak currently unavailable)
rCorr   .          Rampage  .    (gloves currently unavailable)
Will    .....                    (boots currently unavailable)
Stlth   +                        G - amulet of guardian spirit
HPRegen 0.34/turn                v - ring of see invisible
MPRegen 0.17/turn                (no ring)

@: ice-form
A: freezing attack, amphibious, boosted hp, large, (claws 2), (yellow scales 1),
powered by death 2, condensation shield
a: End Transformation, Renounce Religion, Sacrifice a Hand, Sacrifice Drink,
Sacrifice Courage, Reject Sacrifices


You were on level 10 of the Dungeon.
You worshipped Ru.
Ru was noncommittal.
You were a creature of crystalline ice.
You visited 2 branches of the dungeon, and saw 11 of its levels.
You also visited: Ossuary.

You collected 772 gold pieces.
You spent 168 gold pieces at shops.


Innate Abilities, Weirdness & Mutations

You are a creature of crystalline ice.
You have a powerful freezing melee attack.
You are amphibious.
Your maximum health is increased.
Your armour is entirely melded.
You are incapable of wielding weapons or throwing items.
((You have very sharp fingernails.))
((You are partially covered in yellow scales. (AC +2)))
You regenerate health from kills.
A meltable shield of frost defends you. (SH +4)


   Skills:
 - Level 1.0 Fighting
 - Level 1.7 Dodging
 + Level 7.2 Unarmed Combat
 + Level 6.8 Spellcasting
 * Level 9.6 Transmutations
 - Level 5.3 Ice Magic
 * Level 6.5 Earth Magic
 - Level 2.1 Poison Magic


You had 7 spell levels left.
You knew the following spells:

 Your Spells              Type           Power      Damage    Failure   Level
a - Beastly Appendage     Tmut           82%        N/A       1%          1
b - Wereblood             Tmut           41%        N/A       1%          2
c - Spider Form           Tmut/Pois      27%        N/A       3%          3
d - Ice Form              Ice/Tmut       33%        N/A       4%          4
e - Statue Form           Tmut/Erth      23%        N/A       52%         6

Your spell library contained the following spells:

 Spells                   Type           Power      Damage    Failure   Level
 Petrify                  Tmut/Erth      35%        N/A       3%          4
 Stone Arrow              Conj/Erth      36%        3d9       9%          3
 Summon Small Mammal      Summ           24%        N/A       11%         1
 Static Discharge         Conj/Air       12%        2-3/arc   17%         2
 Sublimation of Blood     Necr           6%         N/A       17%         2
 Animate Armour           Summ/Erth      36%        N/A       28%         4
 Call Canine Familiar     Summ           6%         N/A       32%         3
 Gell's Gravitas          Tloc           6%         N/A       32%         3
 Inner Flame              Hex/Fire       6%         N/A       32%         3
 Lesser Beckoning         Tloc           12%        N/A       32%         3
 Summon Guardian Golem    Hex/Summ       6%         N/A       32%         3
 Teleport Other           Tloc           6%         N/A       32%         3
 Vhi's Electric Charge    Tloc/Air       12%        N/A       32%         3
 Irradiate                Conj/Tmut      11%        3d15      38%         5
 Metabolic Englaciation   Hex/Ice        7%         N/A       71%         5
 Flame Wave               Conj/Fire      6%         2d5       73%         4
 Sticky Flame             Conj/Fire      6%         2d3       73%         4
 Arcjolt                  Conj/Air       3%         1d13      97%         5
 Lightning Bolt           Conj/Air       3%         1d14      97%         5
 Lehudib's Crystal Spear  Conj/Erth      9%         10d4      100%        8

Inventory:

Missiles
 b - 38 poisoned darts
 e - 103 stones
 h - 2 javelins
 p - 2 boomerangs
 s - 3 silver boomerangs
Armour
 a - a +1 robe (melded)
Jewellery
 v - a ring of see invisible (left front paw)
   (You found it on level 4 of the Dungeon)
 B - an amulet of magic regeneration
   (You found it on level 9 of the Dungeon)
 G - an amulet of guardian spirit (around neck)
   (You found it on level 8 of the Dungeon)
Wands
 r - a wand of digging (3)
   (You found it on level 5 of the Dungeon)
 w - a wand of roots (1)
   (You found it on level 7 of the Dungeon)
 y - a wand of flame (9)
   (You took it off a wight on level 8 of the Dungeon)
Scrolls
 g - 2 scrolls of immolation {!r!r}
 j - 3 scrolls of amnesia
 l - 4 scrolls of noise {!r}
 n - 4 scrolls of identify {@r1}
 u - a scroll of butterflies
 D - a scroll of poison {!r}
 F - a scroll of fear
 H - 2 scrolls of blinking {!r}
Potions
 c - 2 potions of attraction {!q}
 d - 2 potions of degeneration {!q}
 f - a potion of ambrosia
 i - 2 potions of resistance
 k - 3 potions of curing {@q1}
 m - 2 potions of berserk rage {!q}
 o - 2 potions of heal wounds {@q2}
 q - 3 potions of brilliance
 t - 2 potions of haste {@q3}
 x - a potion of flight
 z - a potion of mutation {!q}
 A - a potion of might
Miscellaneous
 C - a lightning rod (4/4)
   (You found it on level 9 of the Dungeon)
 E - a box of beasts
   (You found it on level 10 of the Dungeon)

Dungeon Overview and Level Annotations

Branches:
Dungeon (10/15) Zot: 26106  Temple (1/1) D:7 Zot: 5821    Lair (0/5) D:10
    Orc (0/2) D:10        Ossuary (visited)

Altars:
Ashenzari
Cheibriados
Dithmenos
Fedhas
Gozag
Hepliaklqana
Kikubaaqudgha
Makhleb
Nemelex Xobeh
Okawaru
Qazlal
Ru
Sif Muna
Trog
Uskayaw
Vehumet
Wu Jian
Xom
Yredelemnul

Shops:
D:1 [   D:4 :   D:9 !   D:10 :

Annotations:
D:7 exclusion: 2 steam dragons
D:10 exclusion: oklob plant

#.# ##.########
#.#####.###.........#
.............##.#.#.#
...####.###...#.#.#.#
#.##......#.#.######
#.......#.#........#
######.##.###.####.#
#.##.# #.# #.#
#Y##.###.####.####
#O##.............#
...######.###.##.#
..... #.##...#.#
......$ #.#..#...#
.........###...###..#
+.........+......#....
#.........###........#
###...####


You could see a two-headed ogre.


Message History

The yak closely misses you.
You see here a yak corpse.
You hit the yak. You freeze the yak.
You howl as the wereblood boils in your veins!
The yak gores you! 😕 HP[-11] MP[-2]
You take 11 damage, and now have 73/84 hp.
You lost 2 mp, and now have 16/21 mp.
You punch the yak! You freeze the yak. You block the yak's attack. 😕 HP[+1]
You hit the yak. You freeze the yak. The yak completely misses you.
You punch the yak! You freeze the yak. The yak gores you! 😕 HP[-3]
You take 3 damage, and now have 71/84 hp.
You completely miss the yak. The yak barely misses you. 😕 HP[+1]
You hit the yak. You freeze the yak.
You feel a bit better.
You kill the yak!
You hit the yak but do no damage. 😕 HP[+4]
You regained 4 hp, and now have 76/84 hp.
You punch the yak! You freeze the yak. The yak gores you! 😕 HP[-9] MP[-2]
You take 9 damage, and now have 67/84 hp.
You lost 2 mp, and now have 14/21 mp.
You hit the yak. You freeze the yak. You block the yak's attack.
You punch the yak! You freeze the yak. The yak gores you!
You barely miss the yak. The yak gores you! 😮 HP[-16] MP[-3]
You take 16 damage, and now have 51/84 hp.
You lost 3 mp, and now have 11/21 mp.
You hit the yak. You freeze the yak.
You feel a bit better.
You kill the yak!
Your primal bloodlust is almost over. 😮 HP[+3]
You regained 3 hp, and now have 54/84 hp.
You are too injured to fight recklessly!
You are too injured to fight recklessly!
You see here a yak corpse.
Unknown command.
Your primal bloodlust has ended.
Your transformation is almost over.
You warm up again.
Your +1 robe unmelds from your body.
Key pressed, stopping explore.
e - 103 stones (gained 6)
You open the door.
There is an open door here.
You now have 604 gold pieces (gained 14).
You open the door.
There is an open door here.
You see here a +0 mace.
You see here a +0 mace.
You open the door.
A two-headed ogre comes into view.
It is wielding a +0 giant club and a +0 giant spiked club.
The two-headed ogre shouts in stereo! 😎 HP[+16] MP[+10]
You now have 70 max hp (-14).
Your hp is fully restored (70).
Your mp is fully restored (21).
A two-headed ogre is nearby!
Unknown command.
A two-headed ogre is nearby!
A two-headed ogre is nearby!
A two-headed ogre is nearby!
Casting: Wereblood (safe; 1% risk of failure)
Confirm with . or Enter, or press ? or * to list all spells.
You turn into a creature of crystalline ice.
Your +1 robe melds into your body. 😎 HP[+14] MP[-4]
You now have 84 max hp (+14).
Your hp is fully restored (84).
You lost 4 mp, and now have 17/21 mp.
You punch the two-headed ogre! You freeze the two-headed ogre.
The two-headed ogre hits you with a +0 giant club!!
You block the two-headed ogre's attack. 😮 HP[-21] MP[-5]
You take 21 damage, and now have 63/84 hp.
MASSIVE DAMAGE!! (PAUSE)
You lost 5 mp, and now have 12/21 mp.
You hit the two-headed ogre.
You freeze the two-headed ogre. 😕 HP[+1] MP[+1]
You punch the two-headed ogre! You freeze the two-headed ogre.
The two-headed ogre hits you with a +0 giant club!
The two-headed ogre barely misses you. 😮 HP[-13] MP[-2]
You take 13 damage, and now have 51/84 hp.
You lost 2 mp, and now have 11/21 mp.
Unknown command.
You hit the two-headed ogre. You freeze the two-headed ogre.
You hit the two-headed ogre. You freeze the two-headed ogre.
The two-headed ogre hits you with a +0 giant club!
* * * LOW HITPOINT WARNING * * *
The two-headed ogre hits you with a +0 giant spiked club!!
* * * LOW HITPOINT WARNING * * *
😱 HP[-33] MP[-7]
You take 33 damage, and now have 18/84 hp.
MASSIVE DAMAGE!! (PAUSE)
You lost 7 mp, and now have 4/21 mp.
You hit the two-headed ogre. You freeze the two-headed ogre.
The two-headed ogre hits you with a +0 giant club!!
You die...

Skill      XL: |  1  2  3  4  5  6  7  8  9 10 |
---------------+-------------------------------+-----
Transmutations | 2 3 4 5 6 8 9 |  9.6
Unarmed Combat | 3 4 5 6 7 |  7.2
Poison Magic   | 2 |  2.1
Spellcasting   | 3 4 5 6 |  6.8
Ice Magic      | 2 3 5 |  5.3
Earth Magic    | 3 6 |  6.5
Fighting       | |  1.0
Dodging        | |  1.7

Action                   |  1- 3 |  4- 6 |  7- 9 | 10-12 || total
-------------------------+-------+-------+-------+-------++-------
Melee: Unarmed           |    88 |   161 |   345 |   205 ||   799
       Kick              |    16 |    11 |    10 |       ||    37
       Headbutt          |     6 |     3 |     1 |       ||    10
       Punch             |     1 |     3 |       |       ||     4
 Cast: Beastly Appendage |    18 |    17 |     6 |       ||    41
       Spider Form       |     1 |    13 |     6 |     1 ||    21
       Wereblood         |       |     3 |    12 |     8 ||    23
       Ice Form          |       |       |    28 |    16 ||    44
Evoke: Wand              |       |       |    13 |     3 ||    16
  Use: Scroll            |     4 |    12 |     6 |       ||    22
       Potion            |     1 |     1 |     5 |       ||     7
 Stab: Sleeping          |     1 |     1 |       |       ||     2
Armor: Robe              |    22 |    36 |    18 |       ||    76
       Skin              |       |     5 |    84 |    39 ||   128
Dodge: Dodged            |    61 |   131 |   208 |    80 ||   480
Block: Other             |       |       |       |     9 ||     9

Levels and vault maps discovered:
D:1:      minmay_arrival_four_loops, layout_basic, serial_shops,
          nicolae_diamond_shop
D:2:      layout_basic, chequers_ecumenical_altar_grove,
          minmay_goblin_kobold_house, uniq_sigmund
D:3:      layout_rooms, kennysheep_generic_room_9
D:4:      layout_basic, serial_shops, nicolae_lakefront_shop
D:5:      layout_rooms, nicolae_ossuary_entry_false_entrances, uniq_grinder
D:6:      layout_gridville, nicolae_overflow_hallway_of_the_gods,
          dreamdust_mushroom_princess
D:7:      cheibrodos_steamvent, layout_loops_cross, nicolae_ashenzari_skybound,
          grunt_temple_overflow_diamond, minmay_temple_entry_offerings
D:8:      layout_cave_pods, overflow_temple_1_default, uniq_psyche
D:9:      layout_loops_ring, lightli_temple_of_fire,
          mainiacjoe_overflow_six_doors_small, serial_shops,
          nicolae_shop_hallway_plus
D:10:     layout_loops_corners, dpeg_oklobed_lair, orc_0_dummy, serial_shops,
          shop
Temple:   hellmonk_temple_flake

Notes
Turn   | Place    | Note
-------+----------+-------------------------------------------
     0 | D:1      | kae the Demonspawn Transmuter began the quest for the Orb.
     0 | D:1      | Reached XP level 1. HP: 15/15 MP: 3/3
     0 | D:1      | magus.rc [v1.11.3]
   125 | D:1      | Reached skill level 2 in Transmutations
   147 | D:1      | You pick up a book of Displacement and begin reading...
   147 | D:1      | You add the spells Lesser Beckoning, Gell's Gravitas and
                  | Teleport Other to your library.
   306 | D:1      | Gained mutation: You regenerate a little health from kills.
                  | [demonic ancestry]
   306 | D:1      | Reached XP level 2. HP: 12/21 MP: 3/5
   578 | D:1      | Learned a level 2 spell: Wereblood
   607 | D:1      | Reached skill level 3 in Unarmed Combat
   724 | D:1      | Found Lezuf's Armour Shoppe.
   852 | D:2      | Reached XP level 3. HP: 26/26 MP: 4/6
  1086 | D:2      | Noticed Sigmund
  1130 | D:2      | Learned a level 3 spell: Spider Form
  1140 | D:2      | Killed Sigmund
  1141 | D:2      | Reached skill level 3 in Transmutations
  1141 | D:2      | Reached skill level 2 in Poison Magic
  1141 | D:2      | Reached XP level 4. HP: 13/32 MP: 1/8
  1141 | D:2      | Reached XP level 5. HP: 15/37 MP: 1/9
  1474 | D:2      | You pick up a book of Lightning and begin reading...
  1474 | D:2      | You add the spells Static Discharge, Vhi's Electric Charge,
                  | Lightning Bolt and Arcjolt to your library.
  1763 | D:2      | Found a faded altar of an unknown god.
  2333 | D:3      | Reached skill level 3 in Spellcasting
  2801 | D:3      | Reached skill level 4 in Transmutations
  2801 | D:3      | Gained mutation: You have sharp fingernails. [demonic
                  | ancestry]
  2801 | D:3      | Reached XP level 6. HP: 31/43 MP: 3/10
  2879 | D:3      | Learned a level 4 spell: Ice Form
  3032 | D:4      | HP: 6/43 [gnoll/+0 spear (5)]
  3435 | D:4      | Reached skill level 1 in Ice Magic
  3521 | D:4      | You pick up a book of Sloth and begin reading...
  3521 | D:4      | You add the spells Petrify, Metabolic Englaciation and
                  | Statue Form to your library.
  3852 | D:4      | Found Kober's Book Boutique.
  4254 | D:5      | Entered Level 5 of the Dungeon
  4280 | D:5      | Noticed Grinder
  4287 | D:5      | Paralysed by Grinder for 3 turns
  4298 | D:5      | Killed Grinder
  4299 | D:5      | Reached skill level 4 in Unarmed Combat
  4299 | D:5      | Reached skill level 2 in Ice Magic
  4299 | D:5      | Gained mutation: You have very sharp fingernails. [demonic
                  | ancestry]
  4299 | D:5      | Reached XP level 7. HP: 42/48 MP: 2/12
  4358 | D:5      | Reached skill level 5 in Transmutations
  4407 | D:5      | Reached skill level 3 in Ice Magic
  4413 | D:5      | Reached skill level 4 in Spellcasting
  4478 | D:5      | Gained mutation: You are partially covered in yellow
                  | scales. (AC +2) [demonic ancestry]
  4478 | D:5      | Reached XP level 8. HP: 54/54 MP: 10/14
  4496 | D:5      | Found a sand-covered staircase.
  4501 | Ossuary  | Entered an ossuary
  5376 | D:5      | HP: 9/64 [orc wizard/puff of flame (10)]
  5382 | D:5      | Reached skill level 4 in Ice Magic
  5567 | D:6      | magus.rc [v1.11.3]
  5682 | D:6      | Reached skill level 6 in Transmutations
  5906 | D:6      | Reached skill level 5 in Unarmed Combat
  6183 | D:6      | Reached skill level 5 in Ice Magic
  6463 | D:6      | Found a stormy altar of Qazlal.
  6470 | D:6      | Found a shimmering altar of Xom.
  6473 | D:6      | Found a sparkling altar of Nemelex Xobeh.
  6473 | D:6      | Found a hide-covered altar of Uskayaw.
  6522 | D:6      | You pick up a book of Callings and begin reading...
  6522 | D:6      | You add the spells Summon Small Mammal, Call Canine
                  | Familiar and Summon Guardian Golem to your library.
  6713 | D:6      | Reached XP level 9. HP: 59/59 MP: 11/16
  6941 | D:7      | You pick up a book of Alchemy and begin reading...
  6941 | D:7      | You add the spells Sublimation of Blood and Irradiate to
                  | your library.
  6949 | D:7      | Learned a level 6 spell: Statue Form
  6958 | D:7      | Found a broken altar of Ashenzari.
  7247 | D:7      | Reached skill level 5 in Spellcasting
  7322 | D:7      | Reached skill level 7 in Transmutations
  7323 | D:7      | HP: 16/70 [scorpion (5)]
  7329 | D:7      | Reached skill level 1 in Earth Magic
  7329 | D:7      | HP: 10/70 [poisoned by a gnoll]
  7706 | D:7      | Found a staircase to the Ecumenical Temple.
  7722 | D:7      | You pick up a book of Armaments and begin reading...
  7722 | D:7      | You add the spells Stone Arrow, Animate Armour and
                  | Lehudib's Crystal Spear to your library.
  7725 | Temple   | Entered the Ecumenical Temple
  8165 | D:7      | Found an opulent altar of Gozag.
  8167 | D:7      | Found a sacrificial altar of Ru.
  8167 | D:7      | Found a shadowy altar of Dithmenos.
  8202 | D:7      | Became a worshipper of Ru the Awakened
  8468 | D:7      | Reached skill level 2 in Earth Magic
  8505 | D:7      | HP: 12/67 [wight/+4 great sword (14)]
  8506 | D:7      | HP: 2/54 [wight/+4 great sword (8)]
  8838 | D:8      | Paralysed by a hornet for 3 turns
  8843 | D:7      | HP: 15/63 [poisoned by a hornet]
  8848 | D:7      | HP: 12/62 [wight/+0 hand axe (2)]
  9067 | D:8      | Reached skill level 3 in Earth Magic
  9135 | D:8      | Reached skill level 6 in Unarmed Combat
  9162 | D:8      | Found an ancient bone altar of Kikubaaqudgha.
  9166 | D:8      | Noticed a two-headed ogre
  9191 | D:8      | Killed a two-headed ogre
  9192 | D:8      | Reached skill level 8 in Transmutations
  9192 | D:8      | Gained mutation: You regenerate health from kills. [demonic
                  | ancestry]
  9192 | D:8      | Reached XP level 10. HP: 65/65 MP: 18/18
  9200 | D:8      | Reached skill level 4 in Earth Magic
  9383 | D:8      | Noticed Psyche
  9394 | D:8      | Killed Psyche
  9681 | D:8      | Reached skill level 6 in Spellcasting
 10029 | D:9      | Found Igoyfual's Distillery.
 10037 | D:9      | Bought a potion of mutation for 112 gold pieces
 10037 | D:9      | Bought a potion of might for 56 gold pieces
 10057 | D:9      | Reached skill level 5 in Earth Magic
 10169 | D:9      | Reached skill level 9 in Transmutations
 10241 | D:9      | Found a basalt altar of Yredelemnul.
 10340 | D:9      | You pick up a book of Flames and begin reading...
 10340 | D:9      | You add the spells Inner Flame, Sticky Flame and Flame Wave
                  | to your library.
 10505 | D:9      | Reached skill level 6 in Earth Magic
 10524 | D:9      | Reached skill level 7 in Unarmed Combat
 10539 | D:9      | Gained mutation: A meltable shield of frost defends you.
                  | (SH +4) [demonic ancestry]
 10539 | D:9      | Reached XP level 11. HP: 70/70 MP: 15/21
 10756 | D:9      | Found a burning altar of Makhleb.
 11242 | D:10     | Entered Level 10 of the Dungeon
 11276 | D:10     | Found a staircase to the Orcish Mines.
 11326 | D:10     | Found Xorevim's Book Shoppe.
 11345 | D:10     | Found a staircase to the Lair.
 11347 | D:10     | Noticed an oklob plant
 12133 | D:10     | Noticed a two-headed ogre
 12142 | D:10     | HP: 18/84 [two-headed ogre/+0 giant club (19)]
 12143 | D:10     | Mangled by a two-headed ogre

Vanquished Creatures
  A two-headed ogre (D:8)
  Psyche (D:8)
  A troll (D:9)
  Grinder (D:5)
  A hornet (D:8)
  A wraith (D:10)
  2 wyverns
  Sigmund (D:2)
  22 yaks
  A water moccasin (D:7)
  2 black bears (D:8)
  A sky beast (D:6)
  An orc warrior (D:10)
  An ice beast (D:5)
  3 ogres
  3 centaurs
  3 kobold brigands
  A bullfrog (D:7)
  2 scorpions
  2 necrophages
  3 gnoll sergeants
  10 wights
  4 howler monkeys
  5 hounds
  2 gnoll boudas
  6 orc priests
  3 human zombies (Ossuary)
  7 orc wizards
  3 iguanas
  2 mummies (Ossuary)
  2 adders (D:6)
  34 gnolls
  2 shadow imps (D:8)
  3 ufetubi
  2 dart slugs
  26 orcs
  5 endoplasms
  4 giant cockroaches
  9 goblins
  9 hobgoblins
  7 jackals
  2 quokkas (D:2)
  8 ball pythons
  8 bats
  A frilled lizard (D:3)
  3 goblin zombies (Ossuary)
  8 hobgoblin zombies (Ossuary)
  3 jackal zombies (Ossuary)
  12 kobolds
  8 kobold zombies (Ossuary)
  11 orc zombies (Ossuary)
  3 rats
266 creatures vanquished.

Vanquished Creatures (others)
  6 fungi (D:6)
6 creatures vanquished.

Grand Total: 272 creatures vanquished

Table legend:
 A = Non-vault XP
 B = Vault XP
 C = Vault XP percentage of total XP
 D = Non-vault monster count
 E = Vault monster count
 F = Vault count percentage of total count
                 A         B        C        D         E       F
            +---------+---------+-------+---------+---------+-------
      Total |   11534 |    1077 |   8.5 |     219 |      47 |  17.7
            +---------+---------+-------+---------+---------+-------
        D:1 |      40 |       0 |   0.0 |      21 |       0 |   0.0
        D:2 |      42 |     221 |  84.0 |      22 |       7 |  24.1
        D:3 |     102 |       0 |   0.0 |      14 |       0 |   0.0
        D:4 |     269 |       0 |   0.0 |      18 |       0 |   0.0
        D:5 |     748 |     272 |  26.7 |      18 |       1 |   5.3
        D:6 |    1050 |       0 |   0.0 |      30 |       0 |   0.0
        D:7 |    1264 |       0 |   0.0 |      30 |       0 |   0.0
        D:8 |    2772 |     391 |  12.4 |      26 |       1 |   3.7
        D:9 |    3735 |       0 |   0.0 |      26 |       0 |   0.0
       D:10 |    1512 |       0 |   0.0 |      14 |       0 |   0.0
    Ossuary |       0 |     193 | 100.0 |       0 |      38 | 100.0
            +---------+---------+-------+---------+---------+-------

Illustrated notes

Table legend:
 A = Kills in this place as a percentage of kills in entire the game.
 B = Kills by you in this place as a percentage of kills by you in the entire game.
 C = Kills by friends in this place as a percentage of kills by friends in the entire game.
 D = Other kills in this place as a percentage of other kills in the entire game.
 E = Experience gained in this place as a percentage of experience gained in the entire game.
 F = Experience gained in this place divided by the number of levels of this place that you have seen.
                   A       B       C       D       E      F
               +-------+-------+-------+-------+-------+----------------------
         Total | 100.0 | 100.0 |   N/A |   N/A | 100.0 | 1050.9
       Dungeon |  85.7 |  85.7 |   N/A |   N/A |  98.5 | 1241.8
       Ossuary |  14.3 |  14.3 |   N/A |   N/A |   1.5 | 193.0
               +-------+-------+-------+-------+-------+----------------------

Table legend: (Time is in decaauts)
 A = Elapsed time spent in this place.
 B = Non-inter-level travel time spent in this place.
 C = Inter-level travel time spent in this place.
 D = Time resting spent in this place.
 E = Time spent auto-exploring this place.
 F = Levels seen in this place.
 G = Mean time per level.
                   A        B        C        D        E       F      G
               +--------+--------+--------+--------+--------+-----+--------+
         Total |  12058 |  11343 |    715 |    520 |   8802 |  12 | 1004.8 |
       Dungeon |  11422 |  10717 |    705 |    381 |   8489 |  10 | 1142.2 |
        Temple |    178 |    168 |     10 |      0 |    157 |   1 |  178.0 |
       Ossuary |    457 |    457 |      0 |    139 |    156 |   1 |  457.0 |
               +--------+--------+--------+--------+--------+-----+--------+

Top non-repeatable levels by time:
     D:7: 1573 daAuts
     D:2: 1450 daAuts
     D:6: 1402 daAuts
     D:4: 1346 daAuts
     D:9: 1265 daAuts
     D:8: 1127 daAuts
    D:10: 892 daAuts
     D:5: 868 daAuts
     D:1: 834 daAuts
     D:3: 662 daAuts
 Ossuary: 457 daAuts
  Temple: 178 daAuts
